 Dungeon Crawl Stone Soup version 0.20-a0-1122-gb7cbeb9 (webtiles) character file.

218614 Gorice the Fencer (level 18, -3/172 HPs)
             Began as a Minotaur Enchanter on May 13, 2017.
             Was the Champion of Okawaru.
             Slain by a water elemental (6 damage)
             ... on level 3 of the Shoals on May 14, 2017.
             The game lasted 03:31:15 (47986 turns).

Gorice the Fencer (Minotaur Enchanter)             Turns: 47986, Time: 03:31:16

Health: -3/172     AC: 26    Str: 23    XL:     18   Next: 42%
Magic:  25/25      EV:  9    Int:  9    God:    Okawaru [******]
Gold:   2095       SH:  0    Dex: 12    Spells: 19/19 levels left

rFire    + + .     SeeInvis .   b - +5 great sword "Weguzois" {freeze, rF++ rC+++ Int-3 Stlth-}
rCold    + + +     Gourm    .   (shield currently unavailable)
rNeg     . . .     Faith    +   J - +1 plate armour {rC+}
rPois    +         Spirit   .   (helmet restricted)
rElec    +         Reflect  .   z - +1 cloak of Starlight {rElec rC+ EV+4 Stlth--}
rCorr    +         Harm     .   G - +2 pair of gloves {Str+3}
MR       +....                  t - +0 pair of boots {Fly}
Stlth    ..........             n - amulet of faith {!P}
Regen    0.4/turn               C - ring of resist corrosion
MPRegen  0.2/turn               p - ring of poison resistance

@: petrifying (expiring), engulfed (cannot breathe), flying, held, very slow
A: retaliatory headbutt, horns 2
}: 1/15 runes: gossamer
a: Heroism, Finesse, Renounce Religion, Stop Flying


You were on level 3 of the Shoals.
You worshipped Okawaru.
Okawaru was exalted by your worship.
You were not hungry.

You visited 6 branches of the dungeon, and saw 31 of its levels.

You collected 3181 gold pieces.
You spent 1086 gold pieces at shops.

Inventory:

Hand Weapons
 a - the +9 sword of Power
   (You found it on level 6 of the Lair of Beasts)
 b - the +5 great sword "Weguzois" (weapon) {freeze, rF++ rC+++ Int-3 Stlth-}
   (Okawaru gifted it to you on level 1 of the Spider Nest)

   It has been specially enchanted to freeze those struck by it, causing extra
   injury to most foes and up to half again as much damage against particularly
   susceptible opponents.
   It can also slow down cold-blooded creatures.
   It affects your intelligence (-3).
   It greatly protects you from fire.
   It renders you almost immune to cold.
   It makes you less stealthy.
Missiles
 e - 17 javelins
 j - 10 javelins of returning (quivered)
 s - 14 steel javelins
 P - 23 javelins of penetration
 Y - 5 throwing nets
Armour
 t - a +0 pair of boots of flying (worn)
   (Okawaru gifted it to you on level 6 of the Lair of Beasts)
 z - the +1 cloak of Starlight (worn) {rElec rC+ EV+4 Stlth--}
   (You found it on level 4 of the Lair of Beasts)

   It affects your evasion (+4).
   It protects you from cold.
   It insulates you from electricity.
   It makes you much less stealthy.
 G - a +2 pair of gloves of strength (worn)
   (You bought it in a shop on level 5 of the Dungeon)
 J - a +1 plate armour of cold resistance (worn)
   (Okawaru gifted it to you on level 5 of the Lair of Beasts)
Jewellery
 i - an uncursed ring of see invisible
 n - an amulet of faith (around neck) {!P}
 p - a ring of poison resistance (right hand)
 C - a ring of resist corrosion (left hand)
 F - an uncursed ring of protection from fire
Wands
 k - a wand of enslavement (9/24)
 A - a wand of acid (12/15)
 D - a wand of paralysis (16/24)
 I - a wand of paralysis (12/24)
 K - a wand of acid (5/15)
 Q - a wand of digging (24/24)
Scrolls
 d - 2 scrolls of fog
 u - a scroll of blinking
 w - 19 scrolls of remove curse
 E - 3 scrolls of teleportation {!r}
 R - 4 scrolls of magic mapping {!r}
 V - 7 scrolls of identify
 X - 2 scrolls of fear {!r}
Potions
 m - 5 potions of might {!q}
 o - 4 potions of agility {!q}
 x - 7 potions of curing
 B - 4 potions of berserk rage
 M - 6 potions of ambrosia
 N - 10 potions of haste {!q}
 S - 2 potions of resistance {!q}
 T - 6 potions of heal wounds {!q}
Comestibles
 c - 16 royal jellies
 f - 14 chunks of flesh


   Skills:
 + Level 18.1 Fighting
   Level 5.7(12.6) Short Blades
 + Level 18.3(18.6) Long Blades
 - Level 10.0 Throwing
 - Level 16.0 Armour
 - Level 12.0 Dodging
 - Level 2.4 Stealth
 - Level 1.3 Spellcasting
   Level 2.0 Hexes
 - Level 8.4 Invocations
 + Level 11.7 Evocations


You had 19 spell levels left.
You didn't know any spells.

Dungeon Overview and Level Annotations

Branches:
Dungeon (15/15)            Temple (1/1) D:4            Lair (6/6) D:11
 Shoals (3/4) Lair:3       Spider (4/4) Lair:4        Slime (0/5) Lair:6
    Orc (2/2) D:10            Elf (0/3) Orc:2        Vaults (0/5) D:14
 Depths (0/5) D:15

Altars:
Ashenzari
Cheibriados
Dithmenos
Elyvilon
Fedhas
Gozag
Hepliaklqana
Kikubaaqudgha
Makhleb
Nemelex Xobeh
Okawaru
Qazlal
Ru
Sif Muna
Trog
Uskayaw
Vehumet
Wu Jian
Xom
Yredelemnul
Zin
The Shining One
Beogh
Jiyva

Shops:
D:5 }[:   D:11 }   Orc:1 }   Orc:2 }*}*

Annotations:
D:3 Gorglomux's ghost, amateur VSAs
Shoals:3 Polyphemus


Innate Abilities, Weirdness & Mutations

You reflexively headbutt those who attack you in melee.
You have a pair of horns on your head.


Message History

Damage: 2 (max 25) Unknown command.
Unknown command.
Unknown command.
Unknown command.
Unknown command.
Unknown command.
Unknown command.
Unknown command.
Unknown command.
Okay, then.
Really quaff
H - a potion of cancellation {!q}?
You feel limber!
Your magical effects are unravelling.
You feel magically purged.
You are engulfed in calcifying dust.
You are slowing down.
* * * LOW HITPOINT WARNING * * *
Your lungs strain for air!
The sentinel's mark upon you fades away.
The merfolk cries, "Oh dear!
Oh dear!"
The merfolk javelineer is engulfed in calcifying dust.
The merfolk javelineer stops moving altogether!
The wind drake flaps its wings at you.
The air twists around and violently strikes you in flight!
* * * LOW HITPOINT WARNING * * *
The merfolk hits you but does no damage.
The water elemental hits you. x2
The merfolk javelineer is engulfed in calcifying dust.
The wind drake flaps its wings at you.
The air twists around and violently strikes you in flight!
The water elemental hits you!
* * * LOW HITPOINT WARNING * * *
The merfolk javelineer is engulfed in calcifying dust.
The merfolk closely misses you. 2 merfolk come into view.
Unknown command.
Damage: 22 (max 25)
Okay, then.
You cannot read scrolls while unable to breathe!
You tear a large gash into the net.
You are engulfed in calcifying dust.
Your limbs have turned to stone.
* * * LOW HITPOINT WARNING * * *
Your lungs strain for air!
Polyphemus seems to regain his courage.
The water elemental is engulfed in calcifying dust.
The water elemental is moving more slowly.
The water elemental hits you. x2
The merfolk javelineer is engulfed in calcifying dust.
The water elemental hits you!
You die...

,>,,,,,,,,,,,,,,,..≈.......)≈≈≈≈≈
,≈,,,,,,,≈≈≈....,....>..≈..≈≈≈≈≈≈
,,,,,,,,.≈≈≈≈..........≈≈≈≈≈≈≈≈≈≈
,,,,,,,,.≈≈≈≈≈≈...#...≈≈≈≈≈≈≈≈≈≈≈
,,,,,,,,.≈≈≈≈≈..#*##..≈≈≈≈≈≈≈≈≈≈≈
,,,,,,,,.≈≈≈Y≈≈.# ##.≈≈≈≈≈≈≈≈≈≈≈
,,,,,,.≈.≈≈≈≈≈m.# #.≈≈≈≈≈≈≈≈≈≈≈
,,≈≈≈,..≈≈≈≈cEEE##**#.≈≈≈≈≈≈≈≈≈≈≈
,,≈≈≈,m.≈≈≈.§§mY@##,...≈≈≈≈≈≈≈≈≈≈
,,≈≈≈,≈≈≈≈c.###EY.#**,,≈≈≈≈≈≈≈≈≈≈
,,,,,,.≈≈≈.,* #Cm.# *,,≈≈≈≈≈≈≈≈≈≈
,,,,,,..≈≈≈.###mk.###..≈≈≈≈≈≈≈≈≈≈
,,,,,,..≈≈≈≈≈()m≈≈≈≈.≈≈≈≈≈≈≈≈≈≈≈≈
,,,,,,..≈≈≈≈≈≈†)(≈≈≈≈≈≈≈≈≈≈≈≈≈≈≈≈
,,,,,,..≈≈≈≈≈≈≈≈≈≈≈≈≈≈≈≈≈≈≈≈≈≈≈≈≈
,,,,,,..≈≈≈≈≈≈≈≈≈≈≈t≈≈≈≈≈≈≈≈≈≈≈≈≈
≈≈,,,,..≈≈k≈≈≈≈≈≈≈≈≈≈≈≈≈≈≈≈≈≈≈≈≈≈


You could see Polyphemus, an alligator snapping turtle (fleeing), 2 merfolk
javelineers, 2 death yaks, a catoblepas, a wind drake, 3 merfolk, a yaktaur and
4 water elementals.

Vanquished Creatures
  Rupert (D:15)
  Asterion (Spider:1)
  Gastronok (D:8)
  Frances (Shoals:1)
  Kirke (Spider:1)
  5 ghost moths
  Louise (D:15)
  6 emperor scorpions
  5 entropy weavers
  A stone giant (D:13)
  A spark wasp (Spider:4)
  A merfolk javelineer (Shoals:3)
  An ettin (Orc:2)
  2 fire dragons
  7 merfolk impalers
  4 ogre magi
  A yaktaur captain (D:8)
  An ice dragon (Shoals:2)
  Harold (Lair:2)
  6 hydras
  A merfolk avatar (Shoals:1)
  A catoblepas (D:13)
  4 centaur warriors
  Erica (D:8)
  A satyr (Shoals:3)
  3 tengu warriors
  15 two-headed ogres
  A vampire mage (D:15)
  2 death yaks (Lair:6)
  A queen ant (Lair:5)
  Urug (Lair:4)
  2 skeletal warriors
  An orc high priest (Orc:1)
  A swamp dragon (Lair:6)
  5 sea snakes
  A golden dragon zombie (D:15)
  3 unseen horrors
  2 deep trolls (Orc:2)
  An orc knight (Orc:2)
  Pikel (D:8)
  An obsidian statue (D:14)
  A tengu zombie (D:15)
  5 ugly things
  2 wolf spider zombies (D:15)
  2 deep elf magi
  A necromancer (D:15)
  16 orb spiders
  32 wolf spiders
  10 cyclopes
  23 harpies
  4 manticores
  A moth of wrath (Spider:4)
  15 elephants
  8 fauns
  4 merfolk sirens
  4 molten gargoyles (D:14)
  A black mamba (shapeshifter) (D:8)
  4 black mambas
  3 centaur zombies
  2 torpor snails
  An ice statue (D:7)
  2 water nymphs
  Psyche (D:9)
  10 spiny frogs
  2 kobold demonologists
  4 gargoyles
  3 rime drakes (Lair:6)
  A yaktaur skeleton (D:15)
  12 komodo dragons
  9 demonic crawlers
  A guardian mummy (D:15)
  A tengu conjurer (D:13)
  A meliai (D:8)
  16 trolls
  42 jumping spiders
  10 merfolk
  2 wind drakes
  9 slime creatures
  13 hornets
  10 polar bears (Lair:6)
  11 hippogriffs
  A raiju (Lair:6)
  Prince Ribbit (D:8)
  10 blink frogs
  2 meliai zombies (D:13)
  6 snapping turtles
  A spriggan zombie (D:15)
  17 dream sheep
  A spriggan (D:7)
  88 redbacks
  4 shadows
  49 yaks
  55 tarantellas
  A wraith (D:13)
  3 wyverns
  2 water elementals (Shoals:1)
  A centaur simulacrum (D:13)
  Grum (D:8)
  A yak (shapeshifter) (D:14)
  4 hungry ghosts
  A golden eye (shapeshifter) (D:8)
  2 basilisks
  4 vampire mosquitoes (D:15)
  12 wargs
  15 soldier ants (Lair:5)
  4 acid dragons (Lair:6)
  Duvessa (D:7)
  14 hell hounds (Lair:6)
  14 water moccasins
  8 porcupines
  12 black bears
  3 ice beasts
  21 orc warriors
  A swamp drake (Lair:6)
  5 sky beasts
  6 phantoms
  A necrophage (D:10)
  16 wolves
  25 ogres
  12 centaurs
  18 crocodiles
  14 bullfrogs
  A big kobold (D:13)
  4 gnoll sergeants
  Dowan (D:7)
  4 scorpions
  A water moccasin skeleton (D:11)
  14 killer bees
  4 wights (D:8)
  3 howler monkeys
  3 bullfrog zombies
  6 electric eels
  9 crimson imps
  2 lava snakes (D:14)
  11 hounds
  3 jellies
  23 orc wizards
  12 orc priests
  5 bullfrog skeletons
  7 centaur skeletons
  8 iguanas
  Ijyb (D:4)
  Natasha (thrice) (D:4)
  2 hell rats (Lair:2)
  28 worker ants
  2 hound zombies
  A hound skeleton (D:8)
  8 adders
  19 gnolls
  11 river rats (Lair:2)
  10 shadow imps
  An ooze (D:6)
  2 adder skeletons
  6 worms
  2 dart slugs
  9 leopard geckos
  78 orcs
  A ball python (D:3)
  7 giant cockroaches
  6 goblins
  11 hobgoblins
  8 jackals
  5 quokkas
  11 bats
  7 frilled lizards
  A jackal skeleton (D:4)
  5 kobolds
  7 rats
  A bush (Shoals:2)
1227 creatures vanquished.

Vanquished Creatures (collateral kills)
  A harpy (Shoals:2)
  2 fauns (Shoals:2)
3 creatures vanquished.

Vanquished Creatures (others)
  An unseen horror (D:14)
  An orb spider (Spider:1)
  A tarantella (Spider:4)
  6 humans
  4 slaves (D:8)
  An ogre (D:8)
  A bullfrog (D:8)
  A wight (D:12)
  3 orc wizards (D:8)
  A shadow imp (D:12)
  A leopard gecko (D:8)
  3 orcs (D:8)
  A bush (Shoals:3)
  12 fungi
  35 plants
72 creatures vanquished.

Grand Total: 1302 creatures vanquished

Notes
Turn   | Place    | Note
-------+----------+-------------------------------------------
     0 | D:1      | Gorice the Minotaur Enchanter began the quest for the Orb.
     0 | D:1      | Reached XP level 1. HP: 14/14 MP: 1/1
   140 | D:1      | Reached skill level 1 in Fighting
   193 | D:1      | Reached XP level 2. HP: 15/23 MP: 3/3
   695 | D:1      | Reached skill level 2 in Short Blades
   751 | D:1      | Reached skill level 2 in Fighting
   911 | D:2      | Reached XP level 3. HP: 26/29 MP: 4/4
  1054 | D:2      | Found a sparkling altar of Nemelex Xobeh.
  1185 | D:2      | Noticed a moth of wrath
  1187 | D:2      | Found a bloodstained altar of Trog.
  1236 | D:2      | Reached skill level 3 in Fighting
  1446 | D:2      | Reached XP level 4. HP: 35/38 MP: 5/5
  1501 | D:2      | Found a glowing golden altar of the Shining One.
  1503 | D:2      | Found a stormy altar of Qazlal.
  1739 | D:3      | Noticed Gorglomux's ghost (amateur VSAs)
  1960 | D:3      | Found an ornate altar of the Wu Jian Council.
  2037 | D:3      | Reached skill level 3 in Short Blades
  2059 | D:3      | Found a stormy altar of Qazlal.
  2129 | D:3      | HP: 11/40 [orc wizard/puff of frost (4)]
  2145 | D:3      | HP: 10/40 [bat (1)]
  2431 | D:2      | Reached skill level 4 in Fighting
  2523 | D:2      | Reached XP level 5. HP: 37/47 MP: 6/6
  2748 | D:2      | Reached skill level 4 in Short Blades
  2815 | D:2      | Reached skill level 5 in Fighting
  2860 | D:3      | Reached XP level 6. HP: 30/56 MP: 7/7
  4062 | D:4      | Noticed Natasha
  4074 | D:4      | Killed Natasha
  4103 | D:4      | Noticed Natasha
  4109 | D:4      | Killed Natasha
  4109 | D:4      | Reached skill level 5 in Short Blades
  4141 | D:4      | Found a staircase to the Ecumenical Temple.
  4147 | Temple   | Entered the Ecumenical Temple
  4422 | D:4      | Got a fabulously ornate robe
  4431 | D:4      | Found a radiant altar of Vehumet.
  4501 | D:4      | Found a burning altar of Makhleb.
  4513 | D:4      | Found a snail-covered altar of Cheibriados.
  4783 | D:4      | HP: 17/57 [phantom (8)]
  4792 | D:4      | Reached skill level 6 in Fighting
  4829 | D:4      | Noticed Natasha
  4834 | D:4      | Killed Natasha
  5017 | D:4      | Noticed Ijyb
  5101 | D:4      | Killed Ijyb
  5101 | D:4      | Reached XP level 7. HP: 51/64 MP: 8/8
  5652 | D:5      | Entered Level 5 of the Dungeon
  5732 | D:5      | Found Heamam's Book Boutique.
  5762 | D:5      | Found Utaicysk's Armour Boutique.
  5818 | D:5      | Reached skill level 2 in Long Blades
  5923 | D:5      | Found a shadowy altar of Dithmenos.
  5982 | D:5      | Found Jyssoux's Gadget Shoppe.
  5995 | D:5      | Reached skill level 3 in Long Blades
  6729 | D:6      | Reached skill level 4 in Long Blades
  6825 | D:6      | Reached skill level 5 in Long Blades
  7105 | D:5      | Bought a +2 pair of gloves of strength for 258 gold pieces
  7159 | D:6      | Reached XP level 8. HP: 71/71 MP: 9/9
  7245 | D:6      | Reached skill level 6 in Long Blades
  7459 | D:7      | Reached skill level 7 in Long Blades
  7605 | D:7      | Noticed an ice statue
  7627 | D:7      | Reached skill level 8 in Long Blades
  7656 | D:7      | Noticed Dowan
  7678 | D:7      | Killed Dowan
  7754 | D:7      | Noticed Duvessa
  7765 | D:7      | Killed Duvessa
  7765 | D:7      | Reached skill level 9 in Long Blades
  8126 | D:7      | Reached skill level 1 in Armour
  8251 | D:4      | Reached skill level 2 in Armour
  8393 | D:7      | Reached skill level 10 in Long Blades
  8393 | D:7      | Reached XP level 9. HP: 76/78 MP: 10/10
  8490 | D:8      | Noticed Erica
  8510 | D:7      | Reached skill level 3 in Armour
  8928 | D:8      | Killed Erica
  8928 | D:8      | Reached skill level 11 in Long Blades
  8928 | D:8      | Reached skill level 4 in Armour
  8990 | D:8      | Found an iron altar of Okawaru.
  8996 | D:8      | Became a worshipper of Warmaster Okawaru
  9020 | D:8      | Reached skill level 5 in Armour
  9173 | D:8      | Noticed Pikel
  9183 | D:8      | HP: 23/78 [slave[Pikel] (3)]
  9195 | D:8      | HP: 6/78 [Pikel/whip of electrocution (18)]
  9198 | D:8      | Killed Pikel
  9198 | D:8      | Reached skill level 12 in Long Blades
  9601 | D:8      | Noticed Grum
  9614 | D:8      | Killed Grum
  9614 | D:8      | Reached * piety under Okawaru
  9614 | D:8      | Reached skill level 6 in Armour
  9623 | D:8      | Reached XP level 10. HP: 69/84 MP: 11/11
 10006 | D:8      | Noticed Prince Ribbit
 10009 | D:8      | Killed Prince Ribbit
 10009 | D:8      | Reached ** piety under Okawaru
 10244 | D:8      | Reached skill level 7 in Armour
 10322 | D:8      | Noticed a red ugly thing
 10428 | D:8      | HP: 18/84 [red ugly thing (10)]
 10436 | D:8      | HP: 25/84 [troll (3)]
 10442 | D:8      | Reached skill level 13 in Long Blades
 10619 | D:8      | Noticed a tengu warrior
 10683 | D:8      | Found a burning altar of Makhleb.
 10712 | D:8      | Reached skill level 8 in Armour
 10713 | D:8      | Noticed Gastronok
 10727 | D:8      | HP: 10/84 [Gastronok/the air (27)]
 11035 | D:9      | Identified a scroll of acquirement
 11036 | D:9      | Got a warped hand crossbow
 11037 | D:9      | Identified the +5 hand crossbow of Jueruor {elec, +Inv rF+++ rC- Stlth+} (You acquired it on level 9 of the Dungeon)
 11138 | D:9      | Noticed Psyche
 11148 | D:10     | Entered Level 10 of the Dungeon
 11342 | D:9      | Reached *** piety under Okawaru
 11438 | D:9      | Noticed a two-headed ogre
 11443 | D:9      | Killed a two-headed ogre
 11443 | D:9      | Reached skill level 9 in Armour
 11447 | D:9      | Found a runed door.
 11452 | D:9      | Found a basalt altar of Yredelemnul.
 11459 | D:9      | Noticed a two-headed ogre
 11467 | D:9      | Killed a two-headed ogre
 11467 | D:9      | Reached **** piety under Okawaru
 11519 | D:9      | Reached skill level 14 in Long Blades
 11523 | D:9      | Reached skill level 1 in Invocations
 11733 | D:9      | Found a white marble altar of Elyvilon.
 11768 | D:9      | Reached XP level 11. HP: 91/91 MP: 12/12
 11840 | D:9      | HP: 25/91 [Psyche/dagger of distortion (24)]
 12087 | D:8      | Reached skill level 10 in Armour
 12087 | D:8      | Reached skill level 2 in Invocations
 12160 | D:8      | Killed a tengu warrior
 12160 | D:8      | Reached ***** piety under Okawaru
 12461 | D:8      | Killed Gastronok
 12461 | D:8      | Reached skill level 3 in Invocations
 12487 | D:8      | Noticed a wolf spider
 12489 | D:8      | Killed a wolf spider
 12489 | D:8      | Received a gift from Okawaru
 12489 | D:8      | Reached skill level 4 in Invocations
 12687 | D:8      | Noticed an ogre mage
 12688 | D:8      | Noticed a yaktaur captain
 12698 | D:8      | Noticed a wolf spider
 12729 | D:8      | Killed a red ugly thing
 12729 | D:8      | Reached skill level 11 in Armour
 13553 | D:9      | Found a shimmering altar of Xom.
 13562 | D:9      | Found a shimmering altar of Xom.
 13562 | D:9      | Found a shimmering altar of Xom.
 13563 | D:9      | Found a shimmering altar of Xom.
 13572 | D:9      | Found a shimmering altar of Xom.
 13838 | D:10     | Found a staircase to the Orcish Mines.
 13845 | D:10     | Reached skill level 7 in Fighting
 14209 | D:10     | Reached skill level 5 in Invocations
 14739 | D:11     | Reached skill level 8 in Fighting
 14768 | D:11     | Found Wyos's Gadget Emporium.
 15081 | D:11     | Received a gift from Okawaru
 15081 | D:11     | Reached XP level 12. HP: 39/102 MP: 12/15
 15108 | D:11     | Got a pair of bloodstained gloves {god gift}
 15119 | D:11     | Identified the +2 pair of gloves of the Desert {rElec rPois rN+ Str-3 Int+2} (Okawaru gifted it to you on level 11 of the Dungeon)
 15382 | D:11     | Found a white marble altar of Elyvilon.
 15455 | D:11     | Reached skill level 6 in Invocations
 15564 | D:11     | Reached skill level 12 in Armour
 15649 | D:11     | Found a staircase to the Lair.
 15699 | Lair:1   | Entered Level 1 of the Lair of Beasts
 16048 | D:11     | Reached skill level 9 in Fighting
 16702 | D:11     | Noticed a centaur warrior
 16712 | D:11     | Killed a centaur warrior
 16712 | D:11     | Reached skill level 7 in Invocations
 17639 | Lair:1   | Got a scorched rapier
 17682 | Lair:1   | Reached skill level 10 in Fighting
 18066 | Lair:2   | Noticed Harold
 18080 | Lair:2   | Killed Harold
 18080 | Lair:2   | Reached skill level 13 in Armour
 18441 | Lair:2   | Reached skill level 8 in Invocations
 18455 | Lair:2   | Noticed a six-headed hydra
 18469 | Lair:2   | Killed a one-headed hydra
 18469 | Lair:2   | Reached ****** piety under Okawaru
 19050 | Lair:3   | Found a hazy altar of Hepliaklqana.
 19130 | Lair:3   | Received a gift from Okawaru
 19669 | Lair:3   | Reached skill level 11 in Fighting
 19699 | Lair:3   | Reached XP level 13. HP: 116/116 MP: 18/18
 20354 | Lair:3   | Found a staircase to the Shoals.
 20364 | Lair:3   | Reached skill level 14 in Armour
 21129 | Lair:3   | Reached skill level 12 in Fighting
 21284 | Lair:4   | Noticed Urug
 21304 | Lair:4   | Killed Urug
 21304 | Lair:4   | Received a gift from Okawaru
 22037 | Lair:4   | Found a hole to the Spider Nest.
 22430 | Lair:5   | Noticed an entropy weaver
 22448 | Lair:5   | Killed an entropy weaver
 22448 | Lair:5   | Reached skill level 13 in Fighting
 22448 | Lair:5   | Reached skill level 15 in Armour
 22458 | Lair:5   | Noticed an entropy weaver
 22476 | Lair:5   | Killed an entropy weaver
 22650 | Lair:5   | Received a gift from Okawaru
 23834 | Lair:6   | Entered Level 6 of the Lair of Beasts
 24128 | Lair:6   | Reached XP level 14. HP: 121/130 MP: 19/19
 24164 | Lair:6   | Reached skill level 14 in Fighting
 24243 | Lair:6   | Reached skill level 16 in Armour
 24693 | Lair:6   | Reached skill level 3 in Dodging
 24917 | Lair:6   | Received a gift from Okawaru
 24924 | Lair:6   | Reached skill level 4 in Dodging
 24983 | Lair:6   | Received a gift from Okawaru
 25204 | Lair:6   | Reached skill level 5 in Dodging
 25511 | Lair:6   | Received a gift from Okawaru
 25524 | Lair:6   | Reached skill level 15 in Fighting
 25639 | Lair:6   | Reached skill level 6 in Dodging
 25656 | Lair:6   | Found a viscous altar of Jiyva.
 25656 | Lair:6   | Found a staircase to the Slime Pits.
 26224 | Lair:6   | Reached skill level 7 in Dodging
 26660 | Orc:1    | Entered Level 1 of the Orcish Mines
 26670 | Orc:1    | Found Qomynu's Gadget Shop.
 26815 | Orc:1    | Reached skill level 1 in Evocations
 26823 | Orc:1    | Found a roughly hewn altar of Beogh.
 26993 | Orc:2    | Entered Level 2 of the Orcish Mines
 27020 | Orc:2    | Reached skill level 1 in Throwing
 27233 | Orc:2    | Reached skill level 8 in Dodging
 27470 | Orc:2    | Reached skill level 2 in Throwing
 27891 | Orc:2    | Reached skill level 2 in Evocations
 27893 | Orc:2    | HP: 40/135 [two-headed ogre/giant spiked club (4)]
 27899 | Orc:2    | HP: 35/135 [troll (2)]
 27903 | Orc:2    | Received a gift from Okawaru
 27903 | Orc:2    | Reached skill level 3 in Throwing
 27909 | Orc:2    | HP: 30/135 [deep troll (5)]
 27917 | Orc:2    | HP: 22/135 [troll (8)]
 28166 | Orc:2    | Found a staircase to the Elven Halls.
 28329 | Orc:2    | Found Xyunilea's Assorted Antiques.
 28345 | Orc:2    | Reached skill level 3 in Evocations
 28345 | Orc:2    | Reached XP level 15. HP: 120/141 MP: 20/20
 28486 | Orc:2    | Found Yrremn's Gadget Emporium.
 28505 | Orc:2    | Found Koviecum's Gadget Boutique.
 28520 | Orc:2    | Reached skill level 9 in Dodging
 28526 | Orc:2    | Bought 2 potions of heal wounds for 360 gold pieces
 28536 | Orc:2    | Found Guzo's General Store.
 28546 | Orc:2    | Bought a potion of haste for 180 gold pieces
 28546 | Orc:2    | Bought a potion of curing for 54 gold pieces
 28546 | Orc:2    | Bought a scroll of teleportation for 54 gold pieces
 28616 | Orc:2    | Got a pair of shimmering boots {god gift}
 28632 | Orc:2    | Identified the +2 pair of boots of the Komtur {rN++ Slay-3 SInv} (Okawaru gifted it to you on level 2 of the Orcish Mines)
 28719 | Orc:2    | Reached skill level 4 in Throwing
 28966 | D:12     | Reached skill level 4 in Evocations
 29824 | D:13     | Reached skill level 15 in Long Blades
 29945 | D:13     | Received a gift from Okawaru
 29974 | D:13     | Reached skill level 5 in Throwing
 30466 | D:13     | Received a gift from Okawaru
 30581 | D:13     | Reached skill level 5 in Evocations
 30782 | D:13     | Received a gift from Okawaru
 30813 | D:13     | Reached skill level 10 in Dodging
 31180 | D:13     | Received a gift from Okawaru
 32127 | D:8      | Reached skill level 6 in Throwing
 32305 | D:8      | Identified the Grimoire of the Mutagenic Rocks
 32357 | D:8      | Got an uncursed crystal dagger {pierce}
 32371 | D:8      | Identified the +5 dagger of Embarrassment {pierce, rC+ Stlth+} (You took it off a yaktaur captain on level 8 of the Dungeon)
 32840 | D:9      | Killed Psyche
 33063 | D:14     | Received a gift from Okawaru
 33469 | D:14     | Reached skill level 6 in Evocations
 34177 | D:14     | Found a gate to the Vaults.
 34302 | D:14     | Reached skill level 7 in Throwing
 34490 | D:15     | Entered Level 15 of the Dungeon
 34494 | D:15     | Found a staircase to the Depths.
 34632 | D:15     | Reached XP level 16. HP: 135/149 MP: 21/21
 34737 | D:15     | Noticed Louise
 34751 | D:15     | Killed Louise
 34751 | D:15     | Reached skill level 11 in Dodging
 35382 | D:15     | Reached skill level 7 in Evocations
 36068 | D:15     | Noticed Rupert
 36107 | D:15     | Killed Rupert
 36107 | D:15     | Reached skill level 8 in Throwing
 36686 | Spider:1 | Entered Level 1 of the Spider Nest
 36838 | Spider:1 | Received a gift from Okawaru
 37174 | Spider:1 | Noticed Asterion
 37188 | Spider:1 | Killed Asterion
 37237 | Spider:1 | Received a gift from Okawaru
 37281 | Spider:1 | Reached skill level 8 in Evocations
 37392 | Spider:1 | Received a gift from Okawaru
 37393 | Spider:1 | Got an encrusted great sword {god gift}
 37399 | Spider:1 | Identified the +5 great sword "Weguzois" {freeze, rF++ rC+++ Int-3 Stlth-} (Okawaru gifted it to you on level 1 of the Spider Nest)
 37423 | Spider:1 | Reached skill level 12 in Dodging
 37451 | Spider:1 | Reached skill level 9 in Throwing
 37645 | Spider:1 | Noticed Kirke
 37652 | Spider:1 | Killed Kirke
 38985 | Spider:2 | Received a gift from Okawaru
 38988 | Spider:2 | Reached skill level 16 in Long Blades
 39485 | Spider:3 | Received a gift from Okawaru
 39485 | Spider:3 | Reached skill level 9 in Evocations
 39934 | Spider:3 | Received a gift from Okawaru
 39934 | Spider:3 | Reached skill level 10 in Throwing
 39935 | Spider:3 | Got a fine scarf {god gift}
 39946 | Spider:3 | Identified the scarf "Niachom" {MP+9} (Okawaru gifted it to you on level 3 of the Spider Nest)
 40294 | Spider:3 | Reached XP level 17. HP: 157/157 MP: 22/22
 41124 | Spider:4 | Entered Level 4 of the Spider Nest
 41302 | Spider:4 | Reached skill level 16 in Fighting
 41913 | Spider:4 | Received a gift from Okawaru
 41996 | Spider:4 | Reached skill level 10 in Evocations
 42603 | Spider:4 | Reached skill level 17 in Long Blades
 42851 | Spider:4 | Received a gift from Okawaru
 42855 | Spider:4 | Got a jewelled shield {god gift}
 43296 | Spider:4 | Reached skill level 17 in Fighting
 43988 | Spider:4 | Got a gossamer rune of Zot
 44743 | Lair:1   | Identified the +3 shield of Suucit {rPois Int+3} (Okawaru gifted it to you on level 4 of the Spider Nest)
 44859 | Shoals:1 | Entered Level 1 of the Shoals
 45361 | Shoals:1 | Noticed Frances
 45371 | Shoals:1 | Killed Frances
 45504 | Shoals:1 | Received a gift from Okawaru
 45528 | Shoals:1 | Reached skill level 11 in Evocations
 45540 | Shoals:1 | Reached XP level 18. HP: 53/170 MP: 23/25
 45542 | Shoals:1 | Received a gift from Okawaru
 45542 | Shoals:1 | HP: 39/170 [snapping turtle (15)]
 45992 | Shoals:1 | Received a gift from Okawaru
 46927 | Shoals:2 | Reached skill level 18 in Long Blades
 47233 | Shoals:2 | Reached skill level 18 in Fighting
 47570 | Orc:2    | Bought a marble ring for 180 gold pieces
 47976 | Shoals:3 | HP: 48/172 [alligator snapping turtle (19)]
 47979 | Shoals:3 | Noticed Polyphemus
 47982 | Shoals:3 | HP: 33/172 [Polyphemus (3)]
 47985 | Shoals:3 | HP: 13/172 [wind drake/the air (12)]
 47986 | Shoals:3 | HP: 2/172 [drowned by a water elemental (7)]
 47986 | Shoals:3 | Slain by a water elemental

Vault maps used:
D:1:      sevenhm_arrival_forest_fort_small_4, minmay_pentomino_q2
D:2:      grunt_temple_overflow_open, nemelex_altar_shiori, tgw_trog
D:3:      lemuel_coloured_pillars_altar, first_bread, corexii_corridor_pit,
          grunt_ministairs_3, nicolae_qazlal_general_emergency
D:4:      kennysheep_little_box, amethyst_overflow_temple_binary, temple_green,
          minmay_misc_feat_columns, uniq_ijyb, uniq_natasha
D:5:      serial_shops, nicolae_shop_trees, kennysheep_mini_moat, shop,
          nicolae_dithmenos_shadow_blocks
D:7:      lemuel_ice_statue, the_bakery, uniq_duvessa
D:8:      minmay_the_grid_triangle_9x9_line_8, overflow_temple_1_default,
          uniq_prince_ribbit1, uniq_pikel, uniq_erica, uniq_gastronok, uniq_grum
D:9:      xom_redecorated, lemuel_doored_altar, dk_yredelemnul_ordeal,
          uniq_psyche
D:10:     minmay_orc_entry_guard_dogs
D:11:     grunt_lair_entry_orc_guard_hut, serial_shops, shop, elyvilon_altar_5
D:12:     lemuel_flamethrower_2
D:13:     minmay_connected_boxes_in_corner, kennysheep_generic_room_14
D:14:     david_vaults_2, serial_bayou_pond_e, minivault_8
D:15:     gammafunk_depths_entry_grave, hangedman_abyss_or_decor_stagger,
          uniq_louise, uniq_rupert
Temple:   minmay_temple_curvy_loop
Lair:1:   beast_lair_carwin_3
Lair:2:   kennysheep_rathole, uniq_harold
Lair:3:   minmay_shoals_entry_hut, basic_altar, grunt_megastairs_4
Lair:4:   spider_nest_entry_funnel_web, lemuel_fruit_fields,
          infiniplex_staircase_pool, lemuel_fruit_tree, grunt_megastairs_3,
          uniq_urug
Lair:5:   zaba_antful_of_joy
Lair:6:   hangedman_lair_caniforms_friends, guppyfry_lair_end_dragon,
          dpeg_slime_entry_enclosed_altar, serial_bayou, serial_bayou_pond_a,
          serial_bayou_lagoon_b, serial_bayou_pond_e, serial_bayou_ford_a,
          nicolae_lair_grove_arrangements
Shoals:1: uniq_frances
Shoals:2: argonaut_golden_fleece
Shoals:3: serial_shops, bzr_entry_islet, yaktaur_hedge, uniq_polyphemus
Spider:1: uniq_kirke, uniq_asterion
Spider:4: grunt_spider_rune_parallel
Orc:1:    serial_shops, shop_coins, bh_open_orc_temple
Orc:2:    st_orc_open, nicolae_orc_rockfall, nicolae_orc_stony_grotto

Skill      XL: |  1  2  3  4  5  6  7  8  9 10 11 12 13 14 15 16 17 18 |
---------------+-------------------------------------------------------+-----
Fighting       | 1 2 3 4 5 6 8 11 13 15 17 18 | 18.1
Short Blades   | 2 3 4 5 |  5.7
Long Blades    | 5 10 12 14 15 16 17 18 | 18.3
Armour         | 2 6 9 11 13 15 16 | 16.0
Invocations    | 1 5 8 |  8.4
Dodging        | 8 10 12 | 12.0
Evocations     | 3 6 9 11 | 11.7
Throwing       | 3 7 10 | 10.0
Stealth        | |  2.4
Spellcasting   | |  1.3
Hexes          | |  2.0

Action                   |  1- 3 |  4- 6 |  7- 9 | 10-12 | 13-15 | 16-18 || total
-------------------------+-------+-------+-------+-------+-------+-------++-------
Melee: Dagger            |   138 |   286 |   148 |     2 |       |       ||   574
       Headbutt          |    26 |    38 |    51 |   178 |   505 |   299 ||  1097
       Long sword        |       |       |    61 |       |       |       ||    61
       Scimitar          |       |       |    42 |   869 |  1817 |   190 ||  2918
       Punch             |       |       |       |     4 |    11 |     2 ||    17
       Great sword       |       |       |       |       |       |   905 ||   905
 Fire: Hand crossbow     |       |       |       |     7 |     5 |       ||    12
Throw: Stone             |    10 |    14 |     1 |     2 |       |       ||    27
       Tomahawk          |       |       |       |    17 |     2 |    98 ||   117
       Javelin           |       |       |       |       |    19 |    11 ||    30
Invok: Heroism           |       |       |       |    13 |    15 |    13 ||    41
       Finesse           |       |       |       |       |     2 |     3 ||     5
Evoke: Wand              |       |       |     8 |     3 |       |     5 ||    16
  Use: Scroll            |     7 |     6 |     4 |    10 |    11 |     5 ||    43
       Potion            |       |       |     1 |     3 |     2 |     1 ||     7
 Stab: Distracted        |       |       |       |     1 |       |       ||     1
       Petrifying        |       |       |       |       |     2 |       ||     2
       Petrified         |       |       |       |       |     2 |       ||     2
  Eat: Chunk             |     2 |    11 |    12 |    29 |    49 |    33 ||   136
       Royal jelly       |       |       |     2 |     3 |     1 |     3 ||     9
       Bread ration      |       |       |       |       |       |     1 ||     1
Armor: Ring mail         |    41 |   117 |    73 |    32 |       |       ||   263
       Robe              |     7 |       |       |       |       |       ||     7
       Plate armour      |       |       |       |   417 |   954 |   820 ||  2191
Dodge: Dodged            |    63 |   141 |   128 |   268 |  1064 |  1045 ||  2709
       Deflected         |       |       |       |     4 |     1 |       ||     5
       Rpst.: Long sword |       |       |    14 |       |       |       ||    14
       Scimitar          |       |       |    14 |    76 |   234 |    12 ||   336
       Great sword       |       |       |       |       |       |   201 ||   201

Table legend:
 A = Turns spent in this place as a percentage of turns spent in the entire game.
 B = Non-inter-level travel turns spent in this place as a percentage of non-inter-level travel turns spent in the entire game.
 C = Inter-level travel turns spent in this place as a percentage of turns spent in this place.
 D = Turns resting spent in this place as a percentage of non-inter-level travel turns spent in this place.
 E = Turns spent auto-exploring this place as a percentage of non-inter-level travel turns spent in this place.
 F = Non-inter-level travel turns spent in this place divided by the number of levels of this place that you've seen.
                   A       B       C       D       E      F
               +-------+-------+-------+-------+-------+----------------------
         Total | 100.0 | 100.0 |   0.5 |   3.2 |   4.2 | 531.6
       Dungeon |  49.6 |  49.5 |   0.6 |   3.3 |   4.5 | 544.3
        Temple |   0.1 |   0.1 |   5.6 |   0.0 |  82.4 |  17.0
          Lair |  20.0 |  20.0 |   0.7 |   2.3 |   4.5 | 548.5
        Shoals |   7.2 |   7.2 |   0.5 |   2.9 |   3.6 | 393.0
   Spider Nest |  15.5 |  15.6 |   0.3 |   4.7 |   4.3 | 642.0
  Orcish Mines |   7.6 |   7.7 |   0.4 |   2.7 |   1.3 | 630.5
               +-------+-------+-------+-------+-------+----------------------

Vault maps used:
D:1:      sevenhm_arrival_forest_fort_small_4, minmay_pentomino_q2
D:2:      grunt_temple_overflow_open, nemelex_altar_shiori, tgw_trog
D:3:      lemuel_coloured_pillars_altar, first_bread, corexii_corridor_pit,
          grunt_ministairs_3, nicolae_qazlal_general_emergency
D:4:      kennysheep_little_box, amethyst_overflow_temple_binary, temple_green,
          minmay_misc_feat_columns, uniq_ijyb, uniq_natasha
D:5:      serial_shops, nicolae_shop_trees, kennysheep_mini_moat, shop,
          nicolae_dithmenos_shadow_blocks
D:7:      lemuel_ice_statue, the_bakery, uniq_duvessa
D:8:      minmay_the_grid_triangle_9x9_line_8, overflow_temple_1_default,
          uniq_prince_ribbit1, uniq_pikel, uniq_erica, uniq_gastronok, uniq_grum
D:9:      xom_redecorated, lemuel_doored_altar, dk_yredelemnul_ordeal,
          uniq_psyche
D:10:     minmay_orc_entry_guard_dogs
D:11:     grunt_lair_entry_orc_guard_hut, serial_shops, shop, elyvilon_altar_5
D:12:     lemuel_flamethrower_2
D:13:     minmay_connected_boxes_in_corner, kennysheep_generic_room_14
D:14:     david_vaults_2, serial_bayou_pond_e, minivault_8
D:15:     gammafunk_depths_entry_grave, hangedman_abyss_or_decor_stagger,
          uniq_louise, uniq_rupert
Temple:   minmay_temple_curvy_loop
Lair:1:   beast_lair_carwin_3
Lair:2:   kennysheep_rathole, uniq_harold
Lair:3:   minmay_shoals_entry_hut, basic_altar, grunt_megastairs_4
Lair:4:   spider_nest_entry_funnel_web, lemuel_fruit_fields,
          infiniplex_staircase_pool, lemuel_fruit_tree, grunt_megastairs_3,
          uniq_urug
Lair:5:   zaba_antful_of_joy
Lair:6:   hangedman_lair_caniforms_friends, guppyfry_lair_end_dragon,
          dpeg_slime_entry_enclosed_altar, serial_bayou, serial_bayou_pond_a,
          serial_bayou_lagoon_b, serial_bayou_pond_e, serial_bayou_ford_a,
          nicolae_lair_grove_arrangements
Shoals:1: uniq_frances
Shoals:2: argonaut_golden_fleece
Shoals:3: serial_shops, bzr_entry_islet, yaktaur_hedge, uniq_polyphemus
Spider:1: uniq_kirke, uniq_asterion
Spider:4: grunt_spider_rune_parallel
Orc:1:    serial_shops, shop_coins, bh_open_orc_temple
Orc:2:    st_orc_open, nicolae_orc_rockfall, nicolae_orc_stony_grotto
